 Dungeon Crawl Stone Soup version 0.22.1-1-ga44c0e56f4 (webtiles) character file.

219 Ramireus the Insei (level 5, -7/33 HPs)
             Began as an Octopode Transmuter on Sept 21, 2018.
             Mangled by Grinder (10 damage)
             ... while paralysed by Grinder
             ... on level 3 of the Dungeon.
             The game lasted 00:13:15 (3492 turns).

Ramireus the Insei (Octopode Transmuter)            Turns: 3492, Time: 00:13:16

Health: -7/33      AC:  1    Str:  9    XL:     5   Next: 96%
Magic:  6/8        EV:  2    Int: 13    God:
Gold:   55         SH:  0    Dex: 14    Spells: 6/10 levels left

rFire    . . .     SeeInvis .     - Unarmed
rCold    . . .     Gourm    .   (no shield)
rNeg     + . .     Faith    .   (helmet restricted)
rPois    .         Spirit   .   (no amulet)
rElec    .         Reflect  .   e - ring of positive energy
rCorr    .         Harm     .   (no ring)
MR       .....                  (no ring)
Stlth    ++........             (no ring)
HPRegen  0.11/turn              (no ring)
MPRegen  0.11/turn              (no ring)
                                (no ring)
                                (no ring)

@: paralysed
A: almost no armour, stealthy swim, amphibious, 8 rings, constrict 8, tentacle
spike 1, camouflage 1, dopey 1, low mp 1, gelatinous body 1, subdued magic 1
a: no special abilities


You were on level 3 of the Dungeon.
You were not hungry.

You visited 1 branch of the dungeon, and saw 3 of its levels.

You collected 55 gold pieces.

Inventory:

Missiles
 a - 49 arrows
 m - a throwing net (quivered)
Jewellery
 e - a ring of positive energy (left tentacle)
Scrolls
 f - a scroll of remove curse
 g - a scroll of identify {unknown}
 j - a scroll of teleportation {unknown}
 k - a scroll of enchant armour {unknown}
Potions
 b - a potion of heal wounds {unknown}
 d - a potion of agility {unknown}
 h - a potion of mutation
 l - a potion of invisibility {unknown}
Comestibles
 c - 6 rations


   Skills:
 + Level 1.2 Fighting
 * Level 2.5 Dodging
 * Level 4.3 Unarmed Combat
 + Level 3.2 Spellcasting
 * Level 3.4 Transmutations
 * Level 1.3 Poison Magic


You had 6 spell levels left.
You knew the following spells:

 Your Spells              Type           Power        Failure   Level  Hunger
a - Beastly Appendage     Tmut           #.....       4%          1    #......
b - Spider Form           Tmut/Pois      #.........   22%         3    ###....

Your spell library contained the following spells:

 Spells                   Type           Power        Failure   Level  Hunger
 Sticks to Snakes         Tmut           #.......     7%          2    ##.....
 Ice Form                 Ice/Tmut       #.......     69%         4    #####..
 Blade Hands              Tmut           #.........   80%         5    ######.


Dungeon Overview and Level Annotations

Branches:
Dungeon (3/15)

Altars:

Annotations:
D:3 Grinder


Innate Abilities, Weirdness & Mutations

You cannot wear most types of armour.
You are very stealthy in the water. (Stealth+)
You are amphibious.
You can wear up to eight rings at the same time.
You can use your tentacles to constrict eight enemies at once.
Your skin changes colour to match your surroundings (Stealth+).
Your rubbery body absorbs attacks. (AC +1, EV +1)
One of your tentacles bears a spike.
You are dopey. (Int -2)
Your magical capacity is low. (-10% MP)
Your spells are a little easier to cast, but a little less powerful.


Message History

You feel stupid.
One of your lower tentacles grows a sharp spike.
Your transformation has ended.
Grinder gestures at you.
You suddenly lose the ability to move!
Grinder says, "DUCK!"
Grinder hits you. Grinder hits you.
* * * LOW HITPOINT WARNING * * *
You writhe in agony.
* * * LOW HITPOINT WARNING * * *
Grinder grins, showing sharp teeth.
Grinder hits you but does no damage.
Grinder says, "DUCK!"
Grinder hits you.
* * * LOW HITPOINT WARNING * * *
You writhe in agony.
* * * LOW HITPOINT WARNING * * *
Grinder hits you!
You die...

#...# #...# #. #...#
#.###...#
........#######
......?.......#
..$.!.......<.#
......#.......#########
!......†††5@..........#
......#(.......[......#
......#####'#...<.....#
..... #.#....[....#
##### #.#.........#
#.#.........#
#.#..>......#
#.########### #.#
#......#


You could see Grinder.

Vanquished Creatures
  A centaur (D:2)
  3 gnolls (D:3)
  5 adders
  4 worms (D:2)
  2 dart slugs
  2 leopard geckos (D:2)
  2 orcs (D:3)
  A giant cockroach (D:1)
  6 goblins
  A hobgoblin (D:1)
  3 jackals (D:2)
  4 kobolds
  A quokka (D:2)
  4 ball pythons
  8 bats
  3 frilled lizards
  7 rats
57 creatures vanquished.

Notes
Turn   | Place    | Note
-------+----------+-------------------------------------------
     0 | D:1      | Ramireus the Octopode Transmuter began the quest for the
                  | Orb.
     0 | D:1      | Reached XP level 1. HP: 13/13 MP: 3/3
   127 | D:1      | Reached XP level 2. HP: 18/18 MP: 1/5
   190 | D:1      | You fall through a shaft!
   480 | D:2      | Reached XP level 3. HP: 11/23 MP: 2/6
  1554 | D:2      | Learned a level 3 spell: Spider Form
  1892 | D:2      | Reached XP level 4. HP: 23/28 MP: 0/7
  2321 | D:2      | Noticed a centaur
  2333 | D:2      | Killed a centaur
  2333 | D:2      | Reached skill level 4 in Unarmed Combat
  2333 | D:2      | Reached skill level 1 in Poison Magic
  2333 | D:2      | Reached XP level 5. HP: 7/33 MP: 6/9
  3067 | D:3      | Noticed Grinder
  3459 | D:3      | Paralysed by Grinder for 7 turns
  3473 | D:3      | Paralysed by Grinder for 2 turns
  3486 | D:3      | Gained mutation: Your spells are a little easier to cast,
                  | but a little less powerful. [potion of mutation]
  3486 | D:3      | Gained mutation: Your magical capacity is low. (-10% MP)
                  | [potion of mutation]
  3486 | D:3      | Gained mutation: You are dopey. (Int -2) [potion of
                  | mutation]
  3486 | D:3      | Gained mutation: One of your tentacles bears a spike.
                  | [potion of mutation]
  3486 | D:3      | Paralysed by Grinder for 7 turns
  3492 | D:3      | Mangled by Grinder

Skill      XL: |  1  2  3  4  5 |
---------------+----------------+-----
Unarmed Combat | 4 |  4.3
Transmutations | 3 |  3.4
Poison Magic   | 1 |  1.3
Spellcasting   | 3 |  3.2
Fighting       | |  1.2
Dodging        | |  2.5

Action                   |  1- 3 |  4- 6 || total
-------------------------+-------+-------++-------
Melee: Unarmed           |    81 |    73 ||   154
       Constrict         |    19 |    16 ||    35
       Kick              |    12 |    15 ||    27
       Tentacles         |    10 |    11 ||    21
       Punch             |     1 |       ||     1
 Cast: Beastly Appendage |    23 |    15 ||    38
       Spider Form       |     1 |     3 ||     4
  Use: Scroll            |     2 |     1 ||     3
       Potion            |       |     1 ||     1
 Stab: Sleeping          |     5 |     5 ||    10
  Eat: Chunk             |     3 |     6 ||     9
Armor: Skin              |    11 |     3 ||    14
Dodge: Dodged            |    52 |    42 ||    94
